SNL (28 & UNDER)
MEMPHIS BLUES @ SALEM SILVER SOULS
08/27/2026
 
TOP OF THE 1ST
Memphis Blues batting - Pitching for Salem Silver Souls : RHP Paul Miller
Pitching: RHP Paul Miller
Batting: SHB Terry Dailey 0-0: Ball
1-0: Ball
2-0: Ball
3-0: Base on Balls
Batting: RHB Jaime Spiridon 0-0: Ball
1-0: Ball
2-0: Ball
3-0: Called Strike
3-1: Base on Balls
Terry Dailey to second
Batting: RHB Dave Wookey 0-0: Ball
1-0: Called Strike
1-1: Called Strike
1-2: Ball
2-2: Ball
3-2: Base on Balls
Terry Dailey to third
Jaime Spiridon to second
Batting: RHB Scott Merritt 0-0: Foul Ball, location: 2F
0-1: Ball
1-1: DOUBLE (Flyball, 89D)
Terry Dailey scores
Jaime Spiridon scores
Dave Wookey to third
Runner from 3rd tries for Home, SAFE, no throw or cutoff
Batting: LHB Mark Folger 0-0: Ball
1-0: Ground out 3-1 (Groundball, 34)
Scott Merritt to third
Batting: RHB Ed Starr 0-0: Ball
1-0: Foul Ball, location: 2F
1-1: DOUBLE (Groundball, 5L)
Scott Merritt scores
Batting: LHB John Foster 0-0: Called Strike
0-1: SINGLE (Line Drive, 4M)
Ed Starr to third
Runner from 3rd tries for Home, SAFE, no throw or cutoff
Batting: SHB Fernando Gutiérrez 0-0: Ball
1-0: Foul Ball, location: 2F
1-1: Foul Ball, location: 2F
1-2: Grounds into double play, 1-4-3 (Groundball, 15)
Top of the 1st over - 5 run(s), 3 hit(s), 0 error(s), 0 left on base; Memphis 5 - Salem 0
BOTTOM OF THE 1ST
Salem Silver Souls batting - Pitching for Memphis Blues : LHP Ramón Vázquez
Pitching: LHP Ramón Vázquez
Batting: LHB Nick Scott 0-0: Called Strike
0-1: Ball
1-1: Fly out, F9 (Flyball, 9S)
Batting: RHB Gabriel Miranda 0-0: Ball
1-0: Called Strike
1-1: Foul Ball, location: 2F
1-2: Ball
2-2: Ball
3-2: Fly out, F4 (Line Drive, 4M)
Batting: LHB Ezechiele Bruno 0-0: Called Strike
0-1: Called Strike
0-2: Fly out, F7 (Flyball, 7LM)
Bottom of the 1st over - 0 run(s), 0 hit(s), 0 error(s), 0 left on base; Memphis 5 - Salem 0
TOP OF THE 2ND
Memphis Blues batting - Pitching for Salem Silver Souls : RHP Paul Miller
Batting: LHB Ricardo García 0-0: Ball
1-0: Ground out 3-1 (Groundball, 34)
Batting: SHB Terry Dailey 0-0: Called Strike
0-1: Foul Ball, location: 2F
0-2: Foul Ball, location: 2F
0-2: Foul Ball, location: 2F
0-2: Ball
1-2: SINGLE (Flyball, 78S)
Batting: RHB Jaime Spiridon 0-0: Ball
1-0: Swinging Strike
1-1: Foul Ball, location: 2F
1-2: Ball
2-2: Strikes out swinging
Batting: RHB Dave Wookey 0-0: Ball
1-0: Foul Ball, location: 2F
1-1: Ball
2-1: Foul Ball, location: 2F
2-2: Ball
Terry Dailey steals 2nd base
3-2: Foul Ball, location: 2F
3-2: Fly out, F9 (Flyball, 8RM)
Top of the 2nd over - 0 run(s), 1 hit(s), 0 error(s), 1 left on base; Memphis 5 - Salem 0
BOTTOM OF THE 2ND
Salem Silver Souls batting - Pitching for Memphis Blues : LHP Ramón Vázquez
Batting: RHB Mario Méndez 0-0: Fly out, F9 (Flyball, 89S)
Batting: LHB Raúl Cordero 0-0: Ball
1-0: Fly out, F3 (Line Drive, 34S)
Batting: LHB Millard Dye 0-0: Called Strike
0-1: Foul Ball, location: 2F
0-2: Ball
1-2: Ball
2-2: Ball
3-2: Fly out, F9 (Flyball, 89S)
Bottom of the 2nd over - 0 run(s), 0 hit(s), 0 error(s), 0 left on base; Memphis 5 - Salem 0
TOP OF THE 3RD
Memphis Blues batting - Pitching for Salem Silver Souls : RHP Paul Miller
Batting: RHB Scott Merritt 0-0: Fly out, F8 (Flyball, 8RM)
Batting: LHB Mark Folger 0-0: Ball
1-0: Ball
2-0: Ball
3-0: Called Strike
3-1: Base on Balls
Batting: RHB Ed Starr 0-0: Called Strike
Mark Folger steals 2nd base
0-1: SINGLE (Flyball, 78S)
Mark Folger to third
Runner from 3rd tries for Home, SAFE, no throw or cutoff
Batting: LHB John Foster 0-0: Foul Ball, location: 2F
0-1: Ball
1-1: Called Strike
1-2: Strikes out swinging
Batting: SHB Fernando Gutiérrez 0-0: Foul Ball, location: 2F
0-1: Ball
1-1: Swinging Strike
1-2: Foul Ball, location: 2F
1-2: Ball
2-2: Ball
Ed Starr steals 2nd base
3-2: Foul Ball, location: 2F
3-2: Strikes out swinging
Top of the 3rd over - 1 run(s), 1 hit(s), 0 error(s), 1 left on base; Memphis 6 - Salem 0
BOTTOM OF THE 3RD
Salem Silver Souls batting - Pitching for Memphis Blues : LHP Ramón Vázquez
Batting: LHB Jermaine Carter 0-0: Called Strike
0-1: Ball
1-1: Ball
2-1: Ball
3-1: Base on Balls
Batting: RHB Adam Thomas 0-0: Called Strike
0-1: Ball
1-1: Called Strike
1-2: Foul Ball, location: 2F
1-2: Fly out, F7 (Flyball, 78M)
Batting: SHB Francis Shaffer 0-0: Called Strike
0-1: Called Strike
Jermaine Carter steals 2nd base
0-2: Ground out 6-3 (Groundball, 6M)
Jermaine Carter to third
Batting: LHB Nick Scott 0-0: Fly out, F7 (Popup, 78S)
Bottom of the 3rd over - 0 run(s), 0 hit(s), 0 error(s), 1 left on base; Memphis 6 - Salem 0
TOP OF THE 4TH
Memphis Blues batting - Pitching for Salem Silver Souls : RHP Paul Miller
Batting: LHB Ricardo García 0-0: Ball
1-0: Ball
2-0: Ball
3-0: Called Strike
3-1: SINGLE (Line Drive, 34D)
Batting: SHB Terry Dailey 0-0: Foul Ball, location: 2F
0-1: Ground out 3-1 (Groundball, 34)
Ricardo García to second
Batting: RHB Jaime Spiridon 0-0: Ball
1-0: Called Strike
1-1: Foul Ball, location: 2F
1-2: Fly out, F7 (Flyball, 78S)
Batting: RHB Dave Wookey 0-0: Ball
1-0: SINGLE (Line Drive, 78M)
Ricardo García to third
Runner from 3rd tries for Home, SAFE, throw made home
Dave Wookey to second
Batting: RHB Scott Merritt 0-0: Ball
1-0: Called Strike
1-1: Swinging Strike
1-2: Foul Ball, location: 2F
1-2: Fly out, F4 (Popup, 4D)
Top of the 4th over - 1 run(s), 2 hit(s), 0 error(s), 1 left on base; Memphis 7 - Salem 0
BOTTOM OF THE 4TH
Salem Silver Souls batting - Pitching for Memphis Blues : LHP Ramón Vázquez
Batting: RHB Gabriel Miranda 0-0: Called Strike
0-1: Foul Ball, location: 2F
0-2: Foul Ball, location: 2F
0-2: Ball
1-2: Foul Ball, location: 2F
1-2: Ball
2-2: Fly out, F8 (Flyball, 8RD)
Batting: LHB Ezechiele Bruno 0-0: Ball
1-0: Fly out, F8 (Flyball, 8LD)
Batting: RHB Mario Méndez 0-0: Fly out, F9 (Flyball, 89S)
Bottom of the 4th over - 0 run(s), 0 hit(s), 0 error(s), 0 left on base; Memphis 7 - Salem 0
TOP OF THE 5TH
Memphis Blues batting - Pitching for Salem Silver Souls : RHP Paul Miller
Batting: LHB Mark Folger 0-0: Ball
1-0: Ball
2-0: Called Strike
2-1: Fly out, F8 (Flyball, 8LS)
Batting: RHB Ed Starr 0-0: Ball
1-0: Foul Ball, location: 2F
1-1: Ball
2-1: DOUBLE (Line Drive, 8LM)
Pitching: RHP Dave Williams
Batting: LHB John Foster 0-0: Called Strike
0-1: Ball
1-1: Ball
2-1: Ground out 4-3 (Groundball, 4M)
Ed Starr to third
Batting: SHB Fernando Gutiérrez 0-0: Called Strike
0-1: Ball
1-1: Ball
2-1: Called Strike
2-2: Ball
3-2: Base on Balls
Batting: LHB Ricardo García 0-0: Called Strike
0-1: Ball
1-1: Called Strike
1-2: SINGLE (Line Drive, 4M)
Ed Starr scores
Fernando Gutiérrez to second
Batting: SHB Terry Dailey 0-0: Ball
1-0: Called Strike
1-1: Ball
2-1: Foul Ball, location: 2F
2-2: Strikes out looking
Top of the 5th over - 1 run(s), 2 hit(s), 0 error(s), 2 left on base; Memphis 8 - Salem 0
BOTTOM OF THE 5TH
Salem Silver Souls batting - Pitching for Memphis Blues : LHP Ramón Vázquez
Batting: LHB Raúl Cordero 0-0: Called Strike
0-1: Ball
1-1: Swinging Strike
1-2: Strikes out looking
Batting: LHB Millard Dye 0-0: Ball
1-0: Foul Ball, location: 2F
1-1: Foul Ball, location: 2F
1-2: Foul Ball, location: 2F
1-2: Fly out, F7 (Flyball, 78M)
Batting: LHB Jermaine Carter 0-0: DOUBLE (Line Drive, 9LM)
Batting: RHB Adam Thomas 0-0: Ball
1-0: Foul Ball, location: 2F
1-1: Ball
2-1: Ball
3-1: Foul Ball, location: 2F
3-2: Foul Ball, location: 2F
3-2: Fly out, F8 (Flyball, 8LS)
Bottom of the 5th over - 0 run(s), 1 hit(s), 0 error(s), 1 left on base; Memphis 8 - Salem 0
TOP OF THE 6TH
Memphis Blues batting - Pitching for Salem Silver Souls : RHP Dave Williams
Batting: RHB Jaime Spiridon 0-0: Called Strike
0-1: Swinging Strike
0-2: Strikes out looking
Batting: RHB Dave Wookey 0-0: Ball
1-0: Ball
2-0: Called Strike
2-1: Swinging Strike
2-2: Foul Ball, location: 2F
2-2: Ball
3-2: Base on Balls
Batting: RHB Scott Merritt 0-0: Ball
Passed Ball!
Dave Wookey to second
1-0: Called Strike
1-1: Fly out, F9 (Flyball, 89M)
Batting: LHB Mark Folger 0-0: Foul Ball, location: 2F
0-1: Ball
1-1: Foul Ball, location: 2F
1-2: Foul Ball, location: 2F
1-2: Foul Ball, location: 2F
1-2: Ball
2-2: Ball
3-2: Foul Ball, location: 2F
3-2: Fly out, F7 (Flyball, 78M)
Top of the 6th over - 0 run(s), 0 hit(s), 0 error(s), 1 left on base; Memphis 8 - Salem 0
BOTTOM OF THE 6TH
Salem Silver Souls batting - Pitching for Memphis Blues : LHP Ramón Vázquez
Batting: SHB Francis Shaffer 0-0: SINGLE (Groundball, 6MD)
Batting: LHB Nick Scott 0-0: Ball
1-0: Called Strike
1-1: Fielders Choice at 2nd, 3-6 (Groundball, 3)
Batting: RHB Gabriel Miranda 0-0: Ball
1-0: Fly out, F9 (Flyball, 9M)
Batting: LHB Ezechiele Bruno 0-0: Ball
1-0: Ball
2-0: Foul Ball, location: 2F
2-1: Swinging Strike
2-2: Ball
3-2: Foul Ball, location: 2F
3-2: Strikes out swinging
Bottom of the 6th over - 0 run(s), 1 hit(s), 0 error(s), 1 left on base; Memphis 8 - Salem 0
TOP OF THE 7TH
Memphis Blues batting - Pitching for Salem Silver Souls : RHP Dave Williams
Batting: RHB Ed Starr 0-0: Foul Ball, location: 2F
0-1: Swinging Strike
0-2: Strikes out looking
Pitching: RHP Fernando Gutiérrez
Batting: LHB John Foster 0-0: Called Strike
0-1: Swinging Strike
0-2: Foul Ball, location: 2F
0-2: Ball
1-2: Strikes out swinging
Batting: SHB Fernando Gutiérrez 0-0: Swinging Strike
0-1: Ball
1-1: Called Strike
1-2: Ball
2-2: Strikes out looking
Top of the 7th over - 0 run(s), 0 hit(s), 0 error(s), 0 left on base; Memphis 8 - Salem 0
BOTTOM OF THE 7TH
Salem Silver Souls batting - Pitching for Memphis Blues : LHP Ramón Vázquez
Batting: RHB Mario Méndez 0-0: Ball
1-0: Foul Ball, location: 2F
1-1: Swinging Strike
1-2: Ground out 1-3 (Groundball, 25)
Batting: LHB Raúl Cordero 0-0: Fly out, F7 (Flyball, 7D)
Batting: LHB Millard Dye 0-0: Ball
1-0: Ball
2-0: Called Strike
2-1: Called Strike
2-2: Ball
3-2: Strikes out looking
Bottom of the 7th over - 0 run(s), 0 hit(s), 0 error(s), 0 left on base; Memphis 8 - Salem 0
TOP OF THE 8TH
Memphis Blues batting - Pitching for Salem Silver Souls : RHP Fernando Gutiérrez
Batting: LHB Ricardo García 0-0: Fly out, F8 (Flyball, 8RM)
Pinch Hitting: RHB Jorge Fuentes 0-0: SINGLE (Line Drive, 4M)
Batting: RHB Jaime Spiridon
Pinch Hitting: RHB Chase Mueller 0-0: Called Strike
0-1: Called Strike
0-2: Fly out, F9 (Flyball, 9M)
Batting: RHB Dave Wookey 0-0: Foul Ball, location: 2F
0-1: Called Strike
0-2: Ball
Throwing error on steal attempt, E2
Jorge Fuentes to third
1-2: Ball
2-2: Fly out, F7 (Flyball, 78M)
Top of the 8th over - 0 run(s), 1 hit(s), 1 error(s), 1 left on base; Memphis 8 - Salem 0
BOTTOM OF THE 8TH
Salem Silver Souls batting - Pitching for Memphis Blues : LHP Ramón Vázquez
Now at 3B: Glenn Johnson
Now at SS: Chase Mueller
Batting: LHB Jermaine Carter 0-0: Called Strike
0-1: Foul Ball, location: 2F
0-2: Ball
1-2: Ball
2-2: Foul Ball, location: 2F
2-2: Ball
3-2: Base on Balls
Batting: RHB Adam Thomas 0-0: Ball
1-0: Swinging Strike
1-1: Swinging Strike
1-2: Ball
2-2: Strikes out looking
Pitching: RHP David Bates
Batting: SHB Francis Shaffer 0-0: Called Strike
0-1: Ball
1-1: Ball
2-1: Ground out 3-1 (Groundball, 34)
Jermaine Carter to second
Batting: LHB Nick Scott 0-0: Ball
1-0: SINGLE (Groundball, 6D)
Jermaine Carter to third
Runner from 3rd tries for Home, SAFE, no throw or cutoff
Batting: RHB Gabriel Miranda 0-0: Ball
1-0: Ball
2-0: Ball
3-0: Base on Balls
Nick Scott to second
Batting: LHB Ezechiele Bruno 0-0: Ball
1-0: Ball
2-0: Called Strike
2-1: Swinging Strike
2-2: Ball
3-2: Base on Balls
Nick Scott to third
Gabriel Miranda to second
Batting: RHB Mario Méndez 0-0: Called Strike
0-1: Ball
1-1: Ball
2-1: Foul Ball, location: 2F
2-2: Foul Ball, location: 2F
2-2: Foul Ball, location: 2F
2-2: SINGLE (Line Drive, 56)
Nick Scott scores
Gabriel Miranda to third
Ezechiele Bruno to second
Runner from 3rd tries for Home, SAFE, no throw or cutoff
Batting: LHB Raúl Cordero 0-0: Called Strike
0-1: Ball
1-1: Ball
2-1: Ball
3-1: SINGLE (Groundball, 6M)
Ezechiele Bruno to third
Mario Méndez to second
Runner from 3rd tries for Home, SAFE, no throw or cutoff
Pitching: LHP Mario Galván
Batting: LHB Millard Dye 0-0: Called Strike
0-1: Fielders Choice at 2nd, U4 (Groundball, 4M)
Bottom of the 8th over - 4 run(s), 3 hit(s), 0 error(s), 2 left on base; Memphis 8 - Salem 4
TOP OF THE 9TH
Memphis Blues batting - Pitching for Salem Silver Souls : RHP Fernando Gutiérrez
Batting: RHB Scott Merritt 0-0: TRIPLE (Line Drive, 9LM)
Batting: LHB Mark Folger 0-0: Swinging Strike
0-1: Called Strike
0-2: Ball
1-2: Ball
2-2: DOUBLE (Line Drive, 78XD)
Scott Merritt scores
Batting: RHB Ed Starr 0-0: Ball
1-0: Called Strike
1-1: Ball
2-1: Foul Ball, location: 2F
2-2: Ball
3-2: Fly out, F9 (Flyball, 9M)
Batting: LHB John Foster 0-0: Foul Ball, location: 2F
0-1: Ball
1-1: Ball
2-1: Called Strike
2-2: Ball
3-2: Foul Ball, location: 2F
3-2: Strikes out swinging
Batting: SHB Fernando Gutiérrez 0-0: Called Strike
0-1: Called Strike
Mark Folger steals 3rd base
0-2: Ball
1-2: Fly out, F7 (Flyball, 8LD)
Top of the 9th over - 1 run(s), 2 hit(s), 0 error(s), 1 left on base; Memphis 9 - Salem 4
BOTTOM OF THE 9TH
Salem Silver Souls batting - Pitching for Memphis Blues : LHP Mario Galván
Batting: LHB Jermaine Carter 0-0: Called Strike
0-1: Ball
1-1: Foul Ball, location: 2F
1-2: Strikes out looking
Batting: RHB Adam Thomas 0-0: SINGLE (Line Drive, 9S)
Batting: SHB Francis Shaffer 0-0: Ball
1-0: Ball
2-0: Ball
3-0: Base on Balls
Adam Thomas to second
Batting: LHB Nick Scott 0-0: Ball
1-0: Ball
2-0: Foul Ball, location: 2F
2-1: Ball
3-1: Base on Balls
Adam Thomas to third
Francis Shaffer to second
Pitching: RHP Carlos Ledezma
Batting: RHB Gabriel Miranda 0-0: Foul Ball, location: 2F
0-1: Ball
1-1: Foul Ball, location: 2F
1-2: SINGLE (Line Drive, 7S)
Adam Thomas scores
Francis Shaffer to third
Nick Scott to second
Batting: LHB Ezechiele Bruno 0-0: Called Strike
0-1: Ball
1-1: Foul Ball, location: 2F
1-2: Foul Ball, location: 2F
1-2: Foul Ball, location: 2F
1-2: Foul Ball, location: 2F
1-2: Strikes out swinging
Batting: RHB Mario Méndez 0-0: Called Strike
0-1: Ball
1-1: Ball
2-1: SINGLE (Groundball, 6MD)
Francis Shaffer scores
Nick Scott to third
Gabriel Miranda to second
Runner from 3rd tries for Home, SAFE, no throw or cutoff
Batting: LHB Raúl Cordero 0-0: Ball
1-0: Swinging Strike
1-1: SINGLE (Line Drive, 4D)
Gabriel Miranda to third
Mario Méndez to second
Batting: LHB Millard Dye 0-0: Called Strike
0-1: Ground out U3 (Groundball, 3L)
Bottom of the 9th over - 3 run(s), 4 hit(s), 0 error(s), 3 left on base; Memphis 9 - Salem 7
Monday, December 5th, 2016 - OOTP Baseball 17.12 Build 75